 Dungeon Crawl Stone Soup version 0.20.1-1-g8b1a95d (webtiles) character file.

136 polly the Cudgeler (level 5, -3/32 HPs)
             Began as a Gargoyle Gladiator on Dec 11, 2017.
             Killed from afar by Blork the orc (7 damage)
             ... with a magic dart
             ... on level 4 of the Dungeon on Dec 12, 2017.
             The game lasted 00:04:30 (2524 turns).

polly the Cudgeler (Gargoyle Gladiator)             Turns: 2524, Time: 00:04:30

Health: -3/32      AC: 13    Str: 19    XL:     5   Next: 19%
Magic:  5/5        EV:  8    Int:  8    God:
Gold:   198        SH:  0    Dex: 11    Spells: 4/4 levels left

rFire    . . .     SeeInvis .   a - +0 flail
rCold    . . .     Gourm    .   (no shield)
rNeg     + . .     Faith    .   g - +0 chain mail
rPois    ∞         Spirit   .   c - +0 helmet
rElec    +         Reflect  .   (no cloak)
rCorr    .         Harm     .   (no gloves)
MR       .....                  (no boots)
Stlth    ..........             (no amulet)
Regen    0.1/turn               (no ring)
MPRegen  0.1/turn               (no ring)

@: no status effects
A: negative energy resistance 1, electricity resistance, unbreathing,
petrification resistance, rot immunity, AC +4
a: no special abilities


You were on level 4 of the Dungeon.
You were hungry.

You visited 1 branch of the dungeon, and saw 4 of its levels.

You collected 198 gold pieces.

Inventory:

Hand Weapons
 a - a +0 flail (weapon)
Missiles
 d - 3 throwing nets (quivered)
Armour
 c - a +0 helmet (worn)
 g - a +0 chain mail (worn)
Scrolls
 b - a scroll of magic mapping {unknown}
 e - 5 scrolls of identify {unknown}
 m - a scroll of recharging {unknown}
 q - 2 scrolls of immolation {unknown}
 r - a scroll of enchant weapon {unknown}
 s - a scroll of teleportation {unknown}
 u - a scroll of blinking {unknown}
 x - a scroll of remove curse {unknown}
Potions
 j - a potion of brilliance {unknown}
 k - a potion of degeneration {unknown}
 l - a potion of cancellation
 n - a potion of haste {unknown}
 o - a potion of magic
 p - a potion of ambrosia {unknown}
 t - a potion of resistance {unknown}
 v - a potion of mutation {unknown}
 w - a potion of curing {unknown}
Comestibles
 f - 2 bread rations
 h - 2 meat rations
 i - 3 royal jellies


   Skills:
 + Level 2.9 Fighting
 + Level 4.3 Maces & Flails
 + Level 2.0 Throwing
 + Level 2.0 Armour
 + Level 2.8 Dodging
 + Level 0.2 Stealth


You had 4 spell levels left.
You didn't know any spells.

Dungeon Overview and Level Annotations

Branches:
Dungeon (4/15)
 Temple: D:4-7

Altars:

Annotations:
D:4 Blork the orc


Innate Abilities, Weirdness & Mutations

You are resistant to torment.
Your stone body is resilient. (AC +4)
You are immune to poison.
You resist negative energy. (rN+)
You are resistant to electric shocks. (rElec)
You can survive without breathing.
You are immune to petrification.
You are immune to rotting.


Message History

You see here a worm corpse.
An orc wizard comes into view. It is wielding a dagger.
Blork the orc closely misses you.
The orc wizard points at you and mumbles some strange words.
The puff of flame hits you!
You sock Blork the orc!
Blork the orc is moderately wounded.
Blork the orc gestures at you while chanting.
The magic dart hits you!
* * * LOW HITPOINT WARNING * * *
The orc wizard points at you and mumbles some strange words.
The magic dart hits you!
* * * LOW HITPOINT WARNING * * *
It was a potion of cancellation.
You feel magically purged. Blork the orc barely misses you.
It was a potion of magic.
Magic courses through your body.
You hear the slow hiss of an avalanche of sand nearby.
Blork the orc casts a spell at you. The magic dart hits you!
You die...

...... ......##
...... #......#
...... .....# .
....$.##....# ..
............#.o.
###...........#
#...........#.
#....<.o......
.##.....@.......
......#†######.>
.####.........#.
..............#
#####.........#
...##......#
###. ......# #.
......# #.
......#


You could see Blork the orc and an orc wizard.

Vanquished Creatures
  A hound (D:4)
  5 adders
  3 worms
  3 dart slugs (D:1)
  A leopard gecko (D:1)
  An orc (D:3)
  A ball python (D:1)
  2 giant cockroaches
  8 goblins
  3 hobgoblins
  A quokka (D:2)
  5 bats
  7 frilled lizards
  A giant cockroach zombie (D:3)
  6 kobolds
  5 rats
53 creatures vanquished.

Notes
Turn   | Place    | Note
-------+----------+-------------------------------------------
     0 | D:1      | polly the Gargoyle Gladiator began the quest for the Orb.
     0 | D:1      | Reached XP level 1. HP: 12/12 MP: 1/1
   219 | D:1      | Reached XP level 2. HP: 17/17 MP: 2/2
  1044 | D:2      | Reached XP level 3. HP: 20/22 MP: 3/3
  1392 | D:2      | Reached skill level 1 in Armour
  1742 | D:3      | Reached XP level 4. HP: 9/27 MP: 4/4
  1752 | D:3      | Reached skill level 4 in Maces & Flails
  2499 | D:4      | Reached XP level 5. HP: 15/32 MP: 5/5
  2517 | D:4      | Noticed Blork the orc
  2524 | D:4      | Killed from afar by Blork the orc

Skill      XL: |  1  2  3  4 |
---------------+-------------+-----
Throwing       | 2 |  2.0
Armour         | 1 2 |  2.0
Maces & Flails | 4 |  4.3
Fighting       | |  2.9
Dodging        | |  2.8
Stealth        | |  0.2

Action                   |  1- 3 |  4- 6 || total
-------------------------+-------+-------++-------
Melee: Flail             |   149 |   108 ||   257
  Use: Potion            |       |     2 ||     2
  Eat: Chunk             |     2 |     1 ||     3
       Royal jelly       |       |     1 ||     1
Armor: Chain mail        |   122 |    92 ||   214
       Scale mail        |     2 |       ||     2
Dodge: Dodged            |    77 |    62 ||   139
